 Dungeon Sprint DCSS version 0.29-a0-284-gf9362112df (webtiles) character file.

Game seed: 11098945152554671355

380 mhtbhm the Basher (level 6, -7/47 HPs)
             Began as a Gargoyle Berserker on Mar 27, 2022.
             Was a Priest of Trog.
             Mangled by a human
             ... wielding a +0 spear
              (16 damage)
             ... in the Dungeon (Sprint III: "The Ten Rune Challenge").
             The game lasted 00:00:36 (521 turns).

mhtbhm the Basher (Gargoyle Berserker)               Turns: 521, Time: 00:00:38

Health: -7/47      AC:  6    Str: 22    XL:     6   Next: 75%
Magic:  6/6        EV: 13    Int:  8    God:    Trog [***...]
Gold:   22         SH:  0    Dex:  9    Spells: 5/5 levels left

rFire   . . .      SeeInvis .   a - +0 mace
rCold   . . .      Faith    .   (no shield)
rNeg    + . .      Spirit   .   b - +0 animal skin
rPois   ∞          Reflect  .   (no helmet)
rElec   +          Harm     .   (no cloak)
rCorr   .          Rampage  .   (no gloves)
Will    .....      NoTele   +   (no boots)
Stlth   +.........              (no amulet)
HPRegen 0.15/turn               (no ring)
MPRegen 0.10/turn               (no ring)

@: on berserk cooldown, slowed, very slow
A: sickness immunity, AC +4, negative energy resistance 1, electricity
resistance, torment resistance 1, petrification resistance
a: Renounce Religion, Berserk, Trog's Hand


You were in the Dungeon.
You worshipped Trog.
Trog was most pleased with you.
You visited 1 branch You collected 22 gold pieces.

Inventory:

Hand Weapons
 a - a +0 mace (weapon)
Armour
 b - a +0 animal skin (worn)
Scrolls
 h - 2 scrolls of blinking
 j - 2 scrolls of immolation {unknown}
 l - 2 scrolls of identify
Potions
 c - 2 potions of curing
 d - a potion of heal wounds
 e - a potion of haste
 f - 2 potions of magic
 g - a potion of berserk rage
 i - a potion of lignification {unknown}
 k - 2 potions of flight
 m - 5 potions of mutation


   Skills:
 + Level 9.5 Fighting
 + Level 9.7 Maces & Flails
 + Level 5.1 Armour
 + Level 4.5 Dodging


You had 5 spell levels left.
You didn't know any spells.
Your spell library was empty.

Dungeon Overview and Level Annotations

Branches:
Dungeon (1/1)

Altars:
Dithmenos
Okawaru
Ru
Trog
Uskayaw
Wu Jian
Yredelemnul
Beogh


Innate Abilities, Weirdness & Mutations

You are immune to sickness and miasma.
Your stone body is resilient. (AC +4)
You are immune to poison.
You resist negative energy. (rN+)
You are resistant to electric shocks. (rElec)
You are resistant to unholy torment.
You are immune to petrification.


Message History

You kill the human!
Trog accepts your kill.
The human drinks a potion.
The human goes berserk!
Your Fighting skill increases to level 9!
Your Maces & Flails skill increases to level 9!
Your Armour skill increases to level 5!
Your Dodging skill increases to level 4!
The human hits you with a +0 spear!
There is a roughly hewn altar of Beogh, spattered with blood here.
You see here a human corpse.
You barely miss the human. The human hits you with a +0 spear.
You are too injured to fight recklessly!
You are too injured to fight recklessly!
You are too injured to fight recklessly!
You are too injured to fight recklessly!
You are too injured to fight recklessly!
You are too injured to fight recklessly!
You are too injured to fight recklessly!
You are too injured to fight recklessly!
You are too injured to fight recklessly!
You are too injured to fight recklessly!
You are too injured to fight recklessly!
You thump the human!
The human is lightly wounded.
The human completely misses you.
You sock the human!
The human is heavily wounded.
The human hits you with a +0 spear!
You closely miss the human.
The human is heavily wounded.
The human hits you with a +0 spear!
* * * LOW HITPOINT WARNING * * *
You hit the human.
The human is heavily wounded.
You barely miss the human.
The human is heavily wounded.
You are no longer berserk.
You are exhausted.
You feel yourself slow down. The human hits you with a +0 spear!
You die...

▓ ▓▓▓ #### ##.#
######## ...#####..#
#___#__# ....#..#..#
#_@p#._#
#...#..#..###+#'###)##
##..##'#..#..........#
##).###...'.⌠........#
#..####...#...######+#
#..###....#.⌠.#
...##.....#...#
...#†.....#+###
.##.#.....#


You could see a human (berserk).

Vanquished Creatures
  A necrophage (D)
  A water elemental (D)
  A scorpion (D)
  Jessica (D)
  A necromancer (D)
  2 humans (D)
  An endoplasm (D)
  A rat (D)
9 creatures vanquished.

Notes
Turn   | Place    | Note
-------+----------+-------------------------------------------
     0 | D        | mhtbhm the Gargoyle Berserker began the quest for the Orb.
     0 | D        | Reached XP level 1. HP: 14/14 MP: 1/1
    25 | D        | Noticed Jessica
    34 | D        | Killed Jessica
    34 | D        | Reached ** piety under Trog
    35 | D        | Reached skill level 5 in Fighting
    35 | D        | Reached XP level 2. HP: 8/21 MP: 2/2
    35 | D        | Reached XP level 3. HP: 10/26 MP: 3/3
   273 | D        | Noticed a scorpion
   281 | D        | Reached skill level 5 in Maces & Flails
   286 | D        | Killed a scorpion
   287 | D        | Reached XP level 4. HP: 32/32 MP: 4/4
   340 | D        | Noticed a water elemental
   346 | D        | Killed a water elemental
   347 | D        | Reached XP level 5. HP: 38/38 MP: 5/5
   436 | D        | Found a basalt altar of Yredelemnul.
   436 | D        | Found a shadowy altar of Dithmenos.
   436 | D        | Found a sacrificial altar of Ru.
   440 | D        | Reached *** piety under Trog
   447 | D        | Reached XP level 6. HP: 45/45 MP: 6/6
   505 | D        | Found a hide-covered altar of Uskayaw.
   505 | D        | Found an iron altar of Okawaru.
   505 | D        | Found a bloodstained altar of Trog.
   505 | D        | Found an ornate altar of the Wu Jian Council.
   505 | D        | Noticed a human
   506 | D        | Noticed a human
   514 | D        | Killed a human
   515 | D        | Reached skill level 5 in Armour
   521 | D        | Mangled by a human

Illustrated notes

Levels and vault maps discovered:
D:        dungeon_sprint_mu [sprint_mu_entry_cave, sprint_mu_temple_rooms,
          sprint_mu_d1_horrors, sprint_mu_d2_genie, sprint_mu_d3_branching,
          sprint_mu_orc_legion, sprint_mu_elf_gauntlet, sprint_mu_hive_nellie,
          sprint_mu_lair_fedhas, sprint_mu_vaults_butterflies,
          sprint_mu_slime_circle, sprint_mu_swamp_cave, sprint_mu_snake_twists,
          sprint_mu_blade_basic, sprint_mu_crypt_chambers,
          sprint_mu_tomb_spiral, sprint_mu_vestibule_basic,
          sprint_mu_gehenna_hellfire, sprint_mu_dis_giant,
          sprint_mu_tartarus_statrot, sprint_mu_cocytus_islands, sprint_mu_zot1]

Skill      XL: |  1  2  3  4  5  6 |
---------------+-------------------+-----
Fighting       | 5 6 7 8 9 |  9.5
Maces & Flails | 4 6 7 8 9 |  9.7
Armour         | 3 4 5 |  5.1
Dodging        | 2 3 4 |  4.5

Action                   |  1- 3 |  4- 6 || total
-------------------------+-------+-------++-------
Melee: Mace              |    18 |    27 ||    45
Invok: Berserk           |     2 |     3 ||     5
Armor: Animal skin       |     1 |     2 ||     3
Dodge: Dodged            |    11 |     7 ||    18

Table legend: (Time is in decaauts)
 A = Elapsed time spent in this place.
 B = Non-inter-level travel time spent in this place.
 C = Inter-level travel time spent in this place.
 D = Time resting spent in this place.
 E = Time spent auto-exploring this place.
 F = Levels seen in this place.
 G = Mean time per level.
                   A        B        C        D        E       F      G
               +--------+--------+--------+--------+--------+-----+--------+
         Total |    563 |    563 |      0 |    429 |     19 |   1 |  563.0 |
       Dungeon |    563 |    563 |      0 |    429 |     19 |   1 |  563.0 |
               +--------+--------+--------+--------+--------+-----+--------+

Top non-repeatable levels by time:
       D: 563 daAuts
